 Dungeon Crawl Stone Soup version 0.30-a0-1157-g2cc9ac7196 (webtiles) character file.

Game seed: 19068934142823670

209 iamoutofideas the Cleaver (level 5, 0/70 HPs)
             Began as a Hill Orc Monk on Apr 24, 2023.
             Slain by Duvessa
             ... wielding a +0 short sword
              (2 damage)
             ... on level 4 of the Dungeon.
             The game lasted 00:02:47 (2726 turns).

iamoutofideas the Cleaver (Hill Orc Monk)           Turns: 2726, Time: 00:02:48

Health: 0/70       AC: 22    Str: 16    XL:     5   Next: 87%
Magic:  5/5        EV:  2    Int: 10    God:
Gold:   215        SH:  0    Dex: 13    Spells: 4/4 levels left

rFire   . . .        a - +1 hand axe
rCold   . . .        d - orb {light}
rNeg    . . .        n - melded +1 ring mail of Vebremich {rC++}
rPois   +            (helmet currently unavailable)
rElec   .            (cloak currently unavailable)
rCorr   .            (gloves currently unavailable)
SInv    .            (boots currently unavailable)
Will    .....        (no amulet)
Stlth   +            f - +5 ring of evasion
HPRegen 0.31/turn    (no ring)
MPRegen 0.09/turn

%: no passive effects
@: tree-form, glowing
A: stationary, stasis, torment immunity, boosted hp
a: no special abilities


You were on level 4 of the Dungeon.
You were a tree.
You visited 1 branch of the dungeon, and saw 4 of its levels.

You collected 215 gold pieces.

Inventory:

Hand Weapons
 a - a +1 hand axe (weapon)
Armour
 d - an orb of light (worn)
 n - the +1 ring mail of Vebremich (melded) {rC++}
   (You found it on level 2 of the Dungeon)

   rC:        It greatly protects you from cold.
Jewellery
 f - a +5 ring of evasion (left branch)
 p - a +6 ring of intelligence
Wands
 j - a wand of acid (2)
Scrolls
 b - a scroll of identify {unknown}
 e - a scroll of poison {unknown}
 i - a scroll of teleportation {unknown}
 l - a scroll of vulnerability
 m - a scroll of enchant armour {unknown}
Potions
 c - 2 potions of ambrosia
 g - a potion of heal wounds {unknown}
 h - 3 potions of lignification
 q - 2 potions of flight {unknown}


   Skills:
 + Level 4.3 Fighting
 * Level 8.0 Axes
 - Level 2.4 Dodging


You had 4 spell levels left.
You didn't know any spells.
Your spell library contained the following spells:

 Spells                   Type           Power      Damage    Failure   Level
 Poisonous Vapours        Pois/Air       0%         N/A       50%         2
 Mephitic Cloud           Conj/Pois/Air  0%         N/A       75%         3
 Freezing Cloud           Conj/Ice/Air   0%         6-21      100%        5


Dungeon Overview and Level Annotations

Branches:
Dungeon (4/15)
 Temple: D:4-7

Altars:

Annotations:
D:3 2 transporters, kuroshi's ghost, weakling MiMo
D:4 Duvessa


Message History

Duvessa goes berserk!
You hit Duvessa. You hit the goblin.
You kill the goblin!
You feel less wooden.
The +1 ring mail of Vebremich {rC++} unmelds from your body.
You hear a shout! x2
Duvessa hits you with a +0 short sword!
You hit Duvessa.
Duvessa is heavily wounded.
Duvessa completely misses you. Duvessa misses you.
Unknown command.
You hit Duvessa.
Duvessa is heavily wounded.
You hit the goblin.
You kill the goblin!
Duvessa completely misses you.
Your Axes skill increases to level 8!
Unknown command.
You hit Duvessa.
Duvessa is severely wounded.
Duvessa hits you with a +0 short sword!
Unknown command.
You are too injured to fight recklessly!
You are too injured to fight recklessly!
Unknown command.
You hit Duvessa.
Duvessa is severely wounded.
Duvessa barely misses you. Duvessa misses you.
You hit Duvessa.
Duvessa is severely wounded.
Duvessa hits you with a +0 short sword!
* * * LOW HITPOINT WARNING * * *
Unknown command.
Unknown command.
Really quaff the potion of lignification?
You turn into a tree.
The +1 ring mail of Vebremich {rC++} melds into your body.
Your roots penetrate the ground.
Duvessa hits you with a +0 short sword!
* * * LOW HITPOINT WARNING * * *
Duvessa hits you with a +0 short sword.
You die...

#.... .... #... ...
### ... ..
###'######
#........#
#)eg.>...#
#g♣......#
#........#
##...##### ###
##'##############..
#.......#..........
#.......'..........
##..######.########
#### ###


You could see Duvessa (berserk, fast) and 2 goblins.

Vanquished Creatures
  Dowan (D:4)
  Jessica (D:2)
  Ijyb (D:4)
  An adder (D:4)
  A white imp (D:3)
  7 dart slugs
  4 worms (D:2)
  2 orcs (D:3)
  6 endoplasms
  A giant cockroach (D:3)
  7 goblins
  4 hobgoblins
  3 jackals (D:3)
  6 kobolds
  3 quokkas
  9 ball pythons
  4 bats
  3 frilled lizards
  7 rats
71 creatures vanquished.

Notes
Turn   | Place    | Note
-------+----------+-------------------------------------------
     0 | D:1      | iamoutofideas the Hill Orc Monk began the quest for the
                  | Orb.
     0 | D:1      | Reached XP level 1. HP: 19/19 MP: 1/1
   303 | D:1      | Reached XP level 2. HP: 17/26 MP: 2/2
   531 | D:1      | Reached skill level 5 in Axes
   858 | D:1      | Reached XP level 3. HP: 30/31 MP: 3/3
  1202 | D:2      | Identified the +1 ring mail of Vebremich {rC++}
  1212 | D:2      | Reached skill level 6 in Axes
  1458 | D:2      | Reached XP level 4. HP: 16/39 MP: 4/4
  1745 | D:2      | Noticed Jessica
  1751 | D:2      | Killed Jessica
  1900 | D:2      | Reached skill level 7 in Axes
  2027 | D:3      | Found a faded altar of an unknown god.
  2229 | D:3      | Reached XP level 5. HP: 46/46 MP: 5/5
  2321 | D:3      | Found a transporter.
  2322 | D:3      | Noticed kuroshi's ghost (weakling MiMo)
  2351 | D:3      | Found a transporter.
  2631 | D:4      | Noticed Ijyb
  2647 | D:4      | Killed Ijyb
  2698 | D:4      | Noticed Duvessa
  2700 | D:4      | Noticed Dowan
  2720 | D:4      | Killed Dowan
  2723 | D:4      | Reached skill level 8 in Axes
  2726 | D:4      | HP: 2/70 [Duvessa/+0 short sword (7)]
  2726 | D:4      | Slain by Duvessa

Illustrated notes

Levels and vault maps discovered:
D:1:      minmay_arrival_glassed_features, layout_loops_corners,
          minmay_misc_feat_chi
D:2:      layout_loops_cross, uniq_jessica
D:3:      layout_loops_ring, shapermc_ecumenical_altar_venn,
          gammafunk_ghost_stat_death
D:4:      layout_gridville, minmay_pentangle, uniq_robin, uniq_duvessa,
          uniq_menkaure, uniq_edmund, uniq_ijyb

Skill      XL: |  1  2  3  4  5 |
---------------+----------------+-----
Axes           | 5 6 7 8 |  8.0
Fighting       | 4 |  4.3
Dodging        | |  2.4

Action                     |  1- 3 |  4- 6 || total
---------------------------+-------+-------++-------
  Melee: Hand axe          |   125 |   104 ||   229
    Use: Scroll            |       |     6 ||     6
         Potion            |       |     2 ||     2
 Armour: Robe              |    14 |     1 ||    15
         Ring mail         |       |    14 ||    14
         Skin              |       |    28 ||    28
  Dodge: Dodged            |    43 |    54 ||    97

Table legend: (Time is in decaauts)
 A = Elapsed time spent in this place.
 B = Non-inter-level travel time spent in this place.
 C = Inter-level travel time spent in this place.
 D = Time resting spent in this place.
 E = Time spent auto-exploring this place.
 F = Levels seen in this place.
 G = Mean time per level.
                   A        B        C        D        E       F      G
               +--------+--------+--------+--------+--------+-----+--------+
         Total |   2722 |   2649 |     73 |    153 |   1976 |   4 |  680.5 |
       Dungeon |   2722 |   2649 |     73 |    153 |   1976 |   4 |  680.5 |
               +--------+--------+--------+--------+--------+-----+--------+

Top non-repeatable levels by time:
     D:1: 1068 daAuts
     D:2: 958 daAuts
     D:3: 600 daAuts
     D:4: 95 daAuts
